Description

Its a copy of the build from Zuka just removed archon morphs and fake pylon as they don't work well in salt mode.

Please check his one out for more in depth. This is just because I think salt is good for practice. https://lotv.spawningtool.com/build/93646/

Build Order

Get SALT Encoding   

  12  0:01  Probe  
  13  0:13  Probe  
  14  0:19  Pylon  
  14  0:21  Probe  
  15  0:33  Probe  
  15  0:40  Gateway  
  16  0:44  Probe  
  16  0:49  Assimilator  
  17  0:54  Probe  
  18  1:02  Probe  
  18  1:11  Probe  
  20  1:33  Nexus  
  20  1:40  Cybernetics Core  
  20  1:42  Probe  
  21  1:48  Assimilator  
  21  1:54  Probe  
  21  1:58  Pylon  
  22  2:06  Adept  
  26  2:24  Stargate  
  26  2:36  Adept  
  29  2:37  Warp Gate  
  31  2:57  Gateway  
  31  2:58  Oracle  
  38  3:25  Pylon  
  40  3:28  Assimilator x2  
  42  3:38  Phoenix  
  45  3:50  Twilight Council  
  46  3:59  Robotics Facility  
  49  4:16  Pylon  
  50  4:22  Gateway  
  51  4:27  Gateway  
  52  4:36  Warp Prism  
  55  4:46  Templar Archives  
  60  5:11  Nexus, Pylon  
  63  5:24  Forge  
  62  5:31  High Templar x4  make two archons
  72  5:44  Charge  
  74  5:58  Protoss Ground Weapons Level 1  
  76  6:09  Immortal  
  76  6:10  Zealot x4  
  86  6:24  Psionic Storm  
  92  6:27  Robotics Facility  
Spawning Tool Build Advisor. Get it on Overwolf

Go to:

Details

  • Created by: Hindrance
  • Published on: Feb 21, 2019
  • Modified on: Feb 21, 2019
  • Patch: 4.7.1
Show
View Real Time Build Order
Export as new Build Order

Comments (2)

On March 15, 2019, 8:27 p.m., Hindrance  said:

Yeah I also just use the restart function, its more to make 100 % sure you make the buildings in the correct order and getting the stuffs at the correct time.

On Feb. 27, 2019, 8:35 a.m., kttrojan  said:

Build working in SALT mode but is there actually a SALT mode that's working in LoTV?? All i could find was a SALT mode where i was able to restart only, when i tried to load, the game crashed immediately.

Create an account to comment!